 Dungeon Crawl Stone Soup version 0.29-a0-775-g4d7333d4e2 (webtiles) character file.

Game seed: 6703899402245443592

1731 Mgcat the Chopper (level 9, -17/80 (94) HPs)
             Began as an Ogre Cinder Acolyte on July 1, 2022.
             Was a Believer of Ignis.
             Demolished by a wight
             ... wielding a +4 great sword of freezing
              (22 damage)
             ... on level 7 of the Dungeon.
             The game lasted 00:10:34 (7469 turns).

Mgcat the Chopper (Ogre Cinder Acolyte)             Turns: 7469, Time: 00:10:35

HP:   -17/80 (94)   AC:  3    Str: 30    XL:     9   Next: 5%
MP:   17/17         EV:  9    Int: 15    God:    Ignis [**....]
Gold: 377           SH:  0    Dex:  4    Spells: 18/18 levels left

rFire   + . .      SeeInvis .   o - +0 broad axe
rCold   . . .      Faith    .   (no shield)
rNeg    . . .      Spirit   .   b - +0 robe
rPois   .          Reflect  .   (helmet restricted)
rElec   .          Harm     .   (no cloak)
rCorr   .          Rampage  .   (gloves unavailable)
Will    .....      Rage     3%  (boots unavailable)
Stlth   +.........              m - amulet of regeneration {+regen, !d}
HPRegen 1.03/turn               j - +6 ring of strength
MPRegen 0.15/turn               (no ring)

@: heavily drained
A: large, unfitting armour, tough skin 1, berserk 1, subdued magic 1
a: Renounce Religion, Fiery Armour, Foxfire Swarm, Rising Flame


You were on level 7 of the Dungeon.
You worshipped Ignis.
Ignis was pleased with you.
You visited 1 branch of the dungeon, and saw 7 of its levels.

You collected 377 gold pieces.

Inventory:

Hand Weapons
 a - a -1 hand axe of flaming
 o - a +0 broad axe (weapon)
   (You found it on level 4 of the Dungeon)
Missiles
 t - a throwing net {=f, !d}
Armour
 b - a +0 robe (worn)
Magical Staves
 i - a staff of poison {rPois}
   (You found it on level 2 of the Dungeon)
Jewellery
 j - a +6 ring of strength (left hand)
   (You found it on level 2 of the Dungeon)
 m - an amulet of regeneration (around neck) {+regen, !d}
   (You found it on level 3 of the Dungeon)
Wands
 y - a wand of flame (21)
   (You found it on level 6 of the Dungeon)
Scrolls
 c - 3 scrolls of teleportation
 d - a scroll of amnesia
 e - a scroll of fear
 f - a scroll of enchant armour
 g - 3 scrolls of immolation {!r}
 p - 3 scrolls of identify
 w - a scroll of blinking {unknown}
Potions
 h - a potion of invisibility {unknown}
 k - 2 potions of cancellation {unknown}
 l - a potion of berserk rage {unknown}
 n - a potion of flight {unknown}
 q - 2 potions of mutation {!q}
 r - a potion of degeneration {unknown}
 s - 2 potions of lignification {unknown}
 u - a potion of curing {unknown}
 v - a potion of haste {unknown}
 x - a potion of ambrosia {unknown}


   Skills:
 + Level 7.7 Fighting
 * Level 7.8 Axes
 + Level 5.4 Spellcasting
 + Level 5.2 Fire Magic


You had 18 spell levels left.
You didn't know any spells.
Your spell library contained the following spells:

 Spells                   Type           Power      Damage    Failure   Level
 Scorch                   Fire           30%        2d7       1%          2
 Blink                    Tloc           6%         N/A       21%         2
 Ensorcelled Hibernation  Hex/Ice        6%         N/A       21%         2
 Spider Form              Tmut/Pois      3%         N/A       38%         3
 Anguish                  Hex/Necr       1%         N/A       80%         4
 Animate Dead             Necr           3%         N/A       80%         4
 Borgnjor's Vile Clutch   Necr/Erth      1%         N/A       99%         5
 Manifold Assault         Tloc           3%         N/A       99%         5
 Death Channel            Necr           1%         N/A       100%        6
 Storm Form               Tmut/Air       1%         N/A       100%        7


Dungeon Overview and Level Annotations

Branches:
Dungeon (7/15)             Temple (0/1) D:4

Altars:
Cheibriados
Gozag
Ru
Sif Muna
Vehumet


Innate Abilities, Weirdness & Mutations

You are too large for most types of armour.
You have tough skin. (AC +1)
You sometimes lose your temper in combat.
Your spells are a little easier to cast, but a little less powerful.


Message History

The orc priest hits you but does no damage.
The orc priest is burned by your cloak of flames.
The orc priest is moderately wounded.
The orc priest barely misses you.
Warning x3: The orc priest can smite you! x3
You closely miss the orc priest.
The orc priest is severely wounded.
You hit the orc priest. You slash the orc priest!
You kill the orc priest!
The orc priest barely misses you. The orc priest hits you with a +0 club.
The orc priest is burned by your cloak of flames.
You kill the orc priest!
Spoiler Alert: The orc priest can smite you!
You slash the orc priest!
You kill the orc priest!
You have reached level 9!
Your experience leads to an increase in your attributes!
Your base attributes are Str 21, Int 15, Dex 4.
Increase (s)trength, (i)ntelligence, or (d)exterity?
You feel stronger. x3
You regained 3 hp, and now have 30/94 hp.
You start resting.
Magic restored.
HP restored.
You regained 49 hp, and now have 79/94 hp.
MP restored: 17 You start resting.
HP restored.
Health restored: 94 You start waiting.
Your fiery armour burns out.
Unknown command.
Things that are here:
a +0 short sword; a +0 leather armour; an orc corpse
Things that are here:
a +0 club; a +0 chain mail; an iguana corpse 2 wights come into view.
A wight is wielding a +4 great sword of freezing and wearing a +1 robe of positive energy.
A wight is wielding a +1 long sword of freezing.
Warning x2: The wight can drain you in melee! x2
There are monsters nearby!
A wight comes into view. It is wielding a +0 war axe.
The wight hits you but does no damage.
Warning x3: The wight can drain you in melee! x3
You slash the wight!
The wight is heavily damaged.
The wight misses you.
You hit the wight.
The wight is heavily damaged.
The wight hits you with a +1 long sword of freezing!
You feel drained. The wight freezes you.
You take 16 damage, and have 78/92 hp.
Warning x3: The wight can drain you in melee! x3
You hit the wight but do no damage.
The wight is heavily damaged.
You hit the wight.
The wight hits you with a +1 long sword of freezing.
You feel drained. The wight freezes you.
The wight hits you with a +4 great sword of freezing!
The wight freezes you.
You take 17 damage, and have 61/90 hp.
Warning x3: The wight can drain you in melee! x3
You are too injured to fight recklessly!
You are too injured to fight recklessly!
You are too injured to fight recklessly!
You are too injured to fight recklessly!
You slash the wight!
The wight is almost destroyed.
You barely miss the wight.
The wight hits you with a +1 long sword of freezing!
You feel drained. The wight freezes you. The wight barely misses you.
The wight hits you with a +4 great sword of freezing!
You feel drained. The wight freezes you.
The wight hits you with a +1 long sword of freezing!
* * * LOW HITPOINT WARNING * * *
You feel drained.
* * * LOW HITPOINT WARNING * * *
The wight freezes you.
* * * LOW HITPOINT WARNING * * *
You take 45 damage, and have 16/82 hp.
MASSIVE DAMAGE!!
Warning x3: The wight can drain you in melee! x3
You slice the wight!!
You destroy the wight!
You slash the wight! The wight closely misses you.
Warning x2: The wight can drain you in melee! x2
You barely miss the wight.
The wight is almost destroyed.
You hit the wight but do no damage. The wight hits you with a +0 war axe.
* * * LOW HITPOINT WARNING * * *
You feel drained.
* * * LOW HITPOINT WARNING * * *
The wight closely misses you.
You take 4 damage, and have 13/82 hp.
Warning x2: The wight can drain you in melee! x2
You barely miss the wight.
The wight is almost destroyed.
You slash the wight! The wight hits you with a +0 war axe!
* * * LOW HITPOINT WARNING * * *
You feel drained.
The wight hits you with a +4 great sword of freezing!!
You die...

##.##....#
##.....
##.##....##
#.....
#...##)...##
#.....
#....))....#
######
#...#.).....#
#..####...###
#..#
##...#####
#...
###........
#..#
#@...##...#
... #.zz.###
#... #....###
... ....### .
..# #


You could see 2 wights.

Vanquished Creatures
  Menkaure (D:4)
  An ice beast (D:6)
  3 black bears
  An ogre (D:4)
  2 phantoms (D:6)
  A gnoll sergeant (D:7)
  2 bullfrogs
  2 scorpions
  A wight (D:7)
  2 hounds
  5 orc priests (D:7)
  Jessica (D:2)
  3 iguanas
  3 orc wizards
  Terence (D:2)
  4 gnolls (D:6)
  8 adders
  2 ufetubi (D:6)
  3 worms
  3 dart slugs
  16 orcs
  7 endoplasms
  4 giant cockroaches
  5 goblins
  10 hobgoblins
  5 quokkas
  6 ball pythons
  12 bats
  5 frilled lizards
  4 kobolds
  10 rats
133 creatures vanquished.

Vanquished Creatures (others)
  13 plants (D:3)
13 creatures vanquished.

Grand Total: 146 creatures vanquished

Notes
Turn   | Place    | Note
-------+----------+-------------------------------------------
     0 | D:1      | Mgcat the Ogre Cinder Acolyte began the quest for the Orb.
     0 | D:1      | Reached XP level 1. HP: 24/24 MP: 2/2
   301 | D:1      | Reached XP level 2. HP: 25/32 MP: 4/4
   523 | D:1      | Reached XP level 3. HP: 32/39 MP: 5/5
   774 | D:1      | Reached skill level 3 in Fire Magic
   903 | D:2      | Noticed Terence
   909 | D:2      | Killed Terence
   910 | D:2      | Reached skill level 2 in Spellcasting
   996 | D:2      | Reached XP level 4. HP: 49/49 MP: 7/7
  1142 | D:2      | Noticed Jessica
  1153 | D:2      | Killed Jessica
  1154 | D:2      | Reached skill level 4 in Axes
  1294 | D:2      | Gained mutation: You sometimes lose your temper in combat.
                  | [potion of mutation]
  1294 | D:2      | Gained mutation: Your spells are a little easier to cast,
                  | but a little less powerful. [potion of mutation]
  1321 | D:2      | You fall into a shaft and drop 1 floor!
  1463 | D:3      | Reached XP level 5. HP: 55/55 MP: 8/8
  1745 | D:2      | Found a faded altar of an unknown god.
  2405 | D:3      | Reached skill level 5 in Fighting
  2555 | D:3      | Found an opulent altar of Gozag.
  2751 | D:4      | Found a staircase to the Ecumenical Temple.
  2886 | D:4      | Reached XP level 6. HP: 66/66 MP: 10/10
  3140 | D:4      | HP: 14/66 [poisoned by a scorpion]
  3142 | D:4      | Reached skill level 5 in Axes
  3142 | D:4      | Reached skill level 3 in Spellcasting
  3145 | D:4      | HP: 8/66 [poisoned by a scorpion]
  3601 | D:4      | Noticed Menkaure
  3607 | D:4      | Killed Menkaure
  3608 | D:4      | Reached XP level 7. HP: 74/74 MP: 10/12
  3994 | D:4      | HP: 18/74 [ogre/+0 giant club (16)]
  3996 | D:4      | Reached skill level 6 in Fighting
  3996 | D:4      | Reached skill level 4 in Fire Magic
  4663 | D:5      | Entered Level 5 of the Dungeon
  4926 | D:5      | Found a sacrificial altar of Ru.
  4929 | D:5      | Found a shimmering blue altar of Sif Muna.
  4938 | D:5      | HP: 18/75 [black bear (4)]
  4938 | D:5      | HP: 6/75 [black bear (5)]
  4938 | D:5      | HP: 2/75 [black bear (4)]
  4941 | D:5      | Reached skill level 6 in Axes
  5013 | D:5      | Found a snail-covered altar of Cheibriados.
  5016 | D:5      | Found a radiant altar of Vehumet.
  5063 | D:5      | Reached skill level 4 in Spellcasting
  5831 | D:6      | Reached XP level 8. HP: 49/84 MP: 14/14
  6299 | D:6      | Reached skill level 7 in Fighting
  6299 | D:6      | Reached skill level 7 in Axes
  6986 | D:7      | Reached skill level 5 in Spellcasting
  7171 | D:7      | Reached skill level 5 in Fire Magic
  7351 | D:7      | Reached XP level 9. HP: 30/94 MP: 15/17
  7466 | D:7      | HP: 21/85 [wight/+1 long sword of freezing (13)]
  7469 | D:7      | HP: 5/82 [wight/+0 war axe (9)]
  7469 | D:7      | Demolished by a wight

Illustrated notes

Levels and vault maps discovered:
D:1:      roderic_octagonal_star, layout_basic
D:2:      layout_basic, shapermc_ecumenical_altar_mp_vishouse,
          dreamdust_princess_corridor, uniq_jessica, uniq_terence
D:3:      layout_rooms, mainiacjoe_overflow_chevrons, roderic_cross_of_infinity
D:4:      nicolae_cairo_tiling, layout_basic, minmay_temple_entry_stoned_glass,
          minmay_misc_feat_chi, uniq_menkaure
D:5:      layout_loops_ring, grunt_temple_overflow_cloverleaf
D:6:      layout_basic, grunt_ministairs_13
D:7:      layout_cave_pods, minmay_misc_feat_pillars, uniq_maggie

Skill      XL: |  1  2  3  4  5  6  7  8 |
---------------+-------------------------+-----
Fire Magic     | 3 4 5 |  5.2
Spellcasting   | 2 3 4 5 |  5.4
Axes           | 4 5 6 7 |  7.8
Fighting       | 5 6 7 |  7.7

Action                   |  1- 3 |  4- 6 |  7- 9 || total
-------------------------+-------+-------+-------++-------
Melee: Hand axe          |    82 |   151 |       ||   233
       Punch             |     1 |     2 |     1 ||     4
       Broad axe         |       |    18 |   187 ||   205
Invok: Fiery Armour      |     1 |     5 |     3 ||     9
  Use: Scroll            |       |     5 |     3 ||     8
       Potion            |       |     1 |       ||     1
Armor: Robe              |    43 |    57 |    79 ||   179
Dodge: Dodged            |    71 |    72 |   130 ||   273

Table legend: (Time is in decaauts)
 A = Elapsed time spent in this place.
 B = Non-inter-level travel time spent in this place.
 C = Inter-level travel time spent in this place.
 D = Time resting spent in this place.
 E = Time spent auto-exploring this place.
 F = Levels seen in this place.
 G = Mean time per level.
                   A        B        C        D        E       F      G
               +--------+--------+--------+--------+--------+-----+--------+
         Total |   7655 |   7481 |    174 |   1799 |   4644 |   7 | 1093.6 |
       Dungeon |   7655 |   7481 |    174 |   1799 |   4644 |   7 | 1093.6 |
               +--------+--------+--------+--------+--------+-----+--------+

Top non-repeatable levels by time:
     D:4: 1964 daAuts
     D:6: 1437 daAuts
     D:2: 1115 daAuts
     D:5: 897 daAuts
     D:1: 847 daAuts
     D:3: 831 daAuts
     D:7: 562 daAuts

Table legend:
 A = Kills in this place as a percentage of kills in entire the game.
 B = Kills by you in this place as a percentage of kills by you in the entire game.
 C = Kills by friends in this place as a percentage of kills by friends in the entire game.
 D = Other kills in this place as a percentage of other kills in the entire game.
 E = Experience gained in this place as a percentage of experience gained in the entire game.
 F = Experience gained in this place divided by the number of levels of this place that you have seen.
                   A       B       C       D       E      F
               +-------+-------+-------+-------+-------+----------------------
         Total | 100.0 | 100.0 |   N/A |   N/A | 100.0 | 353.3
       Dungeon | 100.0 | 100.0 |   N/A |   N/A | 100.0 | 353.3
               +-------+-------+-------+-------+-------+----------------------
